Map: Acid Plant LE

Players

SortOf

  • Race: Zerg Zerg
  • League: Master
  • Spawn Location: 5:00

Clem - Winner!

  • Race: Terran Terran
  • League: Master
  • Spawn Location: 11:00

Event: HomeStory Cup XVIII

VOD

Have the link to the VOD?

Description

Time

  • Played on: Nov. 23, 2018, 12:12 p.m.
  • Length: 11:51

All games in this series

Show
View Real Time Build Order
Export as new Build Order

SortOf Zerg 

Build Orders: Hatch First 

Get SALT Encoding   

  12  0:00  Drone  
  13  0:12  Overlord  
  13  0:16  Drone  
  14  0:30  Drone x2  
  16  0:48  Hatchery  
  15  0:50  Drone  
  15  0:54  Drone  
  17  1:00  Drone  
  18  1:08  Extractor  
  17  1:14  Spawning Pool  
  17  1:16  Drone  
  17  1:19  Drone  
  18  1:28  Drone  
  19  1:38  Drone  
  20  1:46  Hatchery  
  19  1:50  Drone  
  20  2:01  Queen  
  20  2:02  Zergling x2  
  20  2:04  Zergling x2  
  24  2:11  Drone  
  24  2:15  Overlord  
  25  2:21  Drone x2  
  27  2:33  Drone x2, Metabolic Boost  
  28  2:41  Queen  
  30  2:44  Spore Crawler  
  30  2:47  Queen  
  30  2:50  Drone  
  33  2:53  Drone x2  
  33  2:58  Overlord  
  35  3:04  Drone x3  
  38  3:15  Queen  
  38  3:17  Drone x3  
  43  3:21  Overlord  
  43  3:27  Queen  
  43  3:31  Drone  
  43  3:33  Queen  
  48  3:37  Drone  
  48  3:39  Overlord  
  48  3:40  Drone  
  50  3:41  Drone  
  50  3:45  Zergling x4  
  54  3:55  Zergling x2  
  54  3:56  Overlord  
  54  3:57  Drone x4  
  54  3:59  Spore Crawler  
  57  4:03  Queen  
  57  4:06  Overlord  
  57  4:07  Drone  
  60  4:10  Drone  
  60  4:13  Drone x2  
  63  4:17  Drone  
  63  4:18  Drone  
  63  4:23  Overlord  
  65  4:29  Evolution Chamber  
  65  4:30  Zergling x6  
  65  4:31  Evolution Chamber, Zergling x2  
  67  4:32  Drone  
  67  4:35  Drone x2, Spore Crawler  
  69  4:42  Drone x2  
  69  4:44  Overlord  
  71  4:51  Drone  
  71  4:52  Drone x2  
  74  4:55  Overlord  
  74  5:02  Overlord  
  74  5:05  Zerg Ground Armor Level 1, Zerg Melee Weapons Level 1  
  74  5:09  Extractor, Baneling Nest  
  74  5:10  Extractor  
  74  5:13  Extractor, Overlord, Drone x5  
  74  5:14  Drone x3  
  78  5:20  Drone x2  
  78  5:32  Drone x2, Zergling x4  
  76  5:37  Drone x2  
  76  5:39  Drone x2  
  76  5:42  Drone x4, Lair  
  84  5:46  Hatchery, Roach Warren  
  82  5:52  Hatchery  
  82  5:53  Extractor  
  82  5:54  Drone x2  
  82  5:56  Drone  
  83  6:00  Drone x2  
  85  6:08  Baneling x4  
  85  6:10  Extractor, Drone  
  85  6:12  Zergling x4  
  85  6:14  Overlord  
  85  6:15  Zergling x6  
  85  6:18  Overlord  
  90  6:22  Overlord  
  90  6:24  Zergling x12  
  96  6:27  Overlord  
  96  6:33  Zergling x4  
  98  6:41  Zergling x4  
  98  6:42  Overseer  
  98  6:43  Centrifical Hooks  
  98  6:46  Overlord x2  
  100  6:47  Hydralisk Den  
  100  6:48  Drone x2  
  100  6:50  Drone  
  102  6:58  Zergling x16  
  110  7:01  Baneling x2  
  110  7:03  Zerg Melee Weapons Level 2, Baneling x8  
  110  7:05  Zerg Ground Armor Level 2  
  110  7:08  Drone x3  
  113  7:15  Zergling x2  
  113  7:16  Zergling x12  
  113  7:17  Overlord  
  113  7:20  Muscular Augments  
  120  7:24  Zergling x2  
  120  7:25  Zergling x14  
  120  7:28  Hydralisk  
  129  7:42  Queen  
  125  7:48  Zergling x34  
  142  7:52  Infestation Pit  
  136  8:12  Zergling x30  
  139  8:18  Zergling x10  
  124  8:22  Hydralisk x2  
  124  8:23  Hydralisk x6  
  140  8:27  Overlord  
  140  8:29  Baneling x11  
  140  8:33  Drone  
  140  8:34  Drone x3  
  144  8:36  Extractor  
  144  8:40  Overseer  
  143  8:43  Hydralisk x4  
  143  8:46  Drone  
  143  8:48  Drone x2  
  151  9:01  Baneling x7  
  151  9:04  Hive  
  151  9:10  Extractor  
  151  9:11  Spire  
  151  9:12  Hydralisk x3, Grooved Spines  
  152  9:27  Zergling x2  
  152  9:28  Zergling x28  
  164  9:31  Hatchery  
  156  9:38  Hydralisk  
  156  9:39  Hydralisk x4  
  156  9:40  Overlord  
  156  9:45  Baneling x6  
  164  9:53  Baneling x2  
  162  10:04  Zergling x22  
  162  10:07  Overlord  
  152  10:14  Zergling x10  
  152  10:17  Adrenal Glands  
  156  10:24  Hydralisk, Zergling x2  
  156  10:25  Zergling x6  
  156  10:28  Zergling x8  
  137  10:30  Zergling x2  
  137  10:32  Baneling x11  
  137  10:33  Zergling x6, Baneling x2  
  128  10:37  Zergling x2  
  128  10:41  Zergling x4  
  120  10:43  Zergling x2  
  101  10:50  Zergling x6  
  101  10:55  Drone x6  
  96  11:09  Queen x3  
  96  11:10  Queen  
  96  11:11  Viper x3  
  104  11:14  Zergling x4  
  115  11:25  Hatchery  
  114  11:33  Zergling x2  
  114  11:34  Zergling x6  
Show
View Real Time Build Order
Export as new Build Order

Clem Terran - Winner!

Build Orders: Hellion Opening, Reaper Expand 

Get SALT Encoding   

  12  0:00  SCV  
  13  0:12  SCV  
  14  0:17  Supply Depot  
  14  0:24  SCV  
  15  0:38  SCV  
  15  0:40  Barracks  
  16  0:43  Refinery  
  16  0:50  SCV  
  17  1:02  SCV  
  18  1:14  SCV  
  19  1:28  Reaper, Orbital Command  
  20  1:39  Command Center  
  20  1:50  Supply Depot  
  20  1:54  SCV  
  20  2:00  Marine  
  22  2:05  Factory  
  22  2:08  SCV  
  23  2:12  Refinery  
  23  2:19  Barracks Reactor  
  23  2:20  SCV  
  24  2:32  SCV  
  25  2:44  SCV  
  25  2:50  Starport  
  26  2:52  Orbital Command  
  26  2:56  SCV  
  27  3:00  Hellion  
  27  3:01  Hellion  
  27  3:03  Barracks Tech Lab  
  31  3:08  SCV  
  32  3:18  SCV  
  33  3:20  SCV  
  33  3:23  Hellion x2  
  38  3:32  Viking, SCV  
  38  3:33  SCV  
  42  3:35  Supply Depot  
  42  3:44  SCV  
  42  3:45  SCV  
  42  3:48  Hellion  
  46  3:51  Barracks Tech Lab  
  46  3:57  Hellion  
  46  3:58  SCV x2  
  46  4:00  Supply Depot  
  46  4:02  Medivac  
  52  4:03  Armory  
  52  4:16  Marine  
  53  4:17  SCV  
  53  4:21  SCV  
  53  4:22  Supply Depot, Hellion x2  
  59  4:32  Command Center  
  59  4:35  SCV x2  
  61  4:41  Marine, Stimpack  
  62  4:47  SCV  
  62  4:49  Starport Reactor  
  62  4:50  Siege Tank  
  66  4:55  Barracks x2  
  66  4:59  Supply Depot  
  66  5:01  SCV x2  
  66  5:06  Engineering Bay  
  66  5:09  Engineering Bay  
  66  5:13  SCV  
  66  5:14  Marine  
  68  5:16  SCV  
  69  5:26  SCV  
  69  5:28  SCV  
  71  5:33  Marine  
  64  5:37  Siege Tank  
  64  5:38  Terran Infantry Weapons Level 1, SCV  
  64  5:40  Terran Infantry Armor Level 1, SCV  
  64  5:41  Refinery  
  64  5:42  Refinery  
  64  5:43  Marine x2  
  64  5:46  Orbital Command  
  66  5:50  Starport Reactor, Marine, SCV  
  66  5:52  Marine  
  66  5:56  Marine  
  66  5:57  SCV  
  71  6:01  Marine  
  71  6:02  SCV  
  71  6:03  Supply Depot  
  73  6:09  Orbital Command  
  73  6:11  Barracks  
  73  6:12  Siege Tank  
  73  6:13  Barracks  
  73  6:14  Marine x2  
  73  6:15  Marine  
  73  6:16  Marine  
  73  6:17  SCV  
  81  6:21  Supply Depot  
  81  6:26  Marine  
  81  6:28  Supply Depot  
  81  6:30  SCV  
  81  6:32  Marine x2  
  85  6:33  Medivac  
  85  6:35  Medivac  
  85  6:39  SCV x2  
  91  6:42  Combat Shield  
  91  6:43  Marine x2  
  93  6:52  Supply Depot, SCV x3  
  96  6:55  Supply Depot, Siege Tank  
  96  6:56  Marine x2  
  96  6:59  Barracks Reactor  
  96  7:00  Barracks Reactor  
  101  7:04  SCV x2  
  103  7:10  Bunker  
  103  7:12  Supply Depot  
  103  7:13  Marine x2  
  103  7:15  Medivac  
  107  7:16  SCV  
  107  7:22  Marine x2  
  110  7:23  Medivac  
  110  7:25  SCV  
  110  7:27  Barracks x2  
  110  7:29  Barracks  
  113  7:31  Marine  
  113  7:33  SCV  
  111  7:44  SCV x2  
  111  7:45  Marine x2, Medivac  
  111  7:46  Marine x2  
  119  7:52  Terran Infantry Weapons Level 2  
  119  7:54  Supply Depot  
  119  7:57  Terran Infantry Armor Level 2  
  119  7:59  Marine  
  119  8:07  Command Center  
  114  8:19  Marine x6  
  95  8:20  Marine x3  
  95  8:21  Barracks Reactor x3  
  103  8:28  SCV  
  103  8:29  SCV  
  103  8:30  Refinery  
  103  8:32  SCV  
  106  8:37  Marine x6  
  106  8:40  Marine x3, SCV  
  116  8:46  Terran Vehicle Weapons Level 1  
  116  8:55  Marine x3  
  118  8:57  Marine, Medivac x2  
  118  8:58  Marine x7, Siege Tank  
  118  8:59  Marine x4  
  136  9:08  SCV x2  
  136  9:09  SCV  
  139  9:15  Marine x2  
  141  9:18  Marine  
  141  9:19  Marine x5  
  141  9:20  Marine x6  
  153  9:25  Planetary Fortress  
  153  9:27  Medivac  
  153  9:30  Siege Tank, Medivac  
  149  9:41  SCV x3  
  149  9:43  Marine x4  
  156  9:46  Sensor Tower  
  156  10:08  Marine x4  
  156  10:09  Marauder, Medivac x2  
  156  10:12  Siege Tank  
  156  10:13  Marine  
  156  10:14  Marine x4  
  143  10:30  Marauder, Liberator  
  143  10:32  Marine x2  
  143  10:33  Marine x9  
  156  10:40  Supply Depot  
  156  10:42  Supply Depot  
  155  10:44  Supply Depot  
  155  10:47  Marine, Medivac  
  155  10:48  Marine  
  147  10:51  Marauder  
  147  10:52  Marine x3  
  147  10:55  SCV x2  
  147  10:56  Marine, Command Center, SCV  
  148  11:02  Marine x5, Siege Tank  
  148  11:03  Marine x2  
  156  11:13  Marine  
  156  11:15  Marine  
  156  11:16  Marine x6  
  156  11:17  Medivac  
  166  11:19  Marine x3  
  166  11:21  Marine x2  
  171  11:28  Supply Depot  
  171  11:29  Refinery  
  171  11:30  Refinery  
  171  11:31  Supply Depot  
Tags
 
Add a new tag
Caveats
  • Supply blocks, unpowered buildings, or Contaminate may cause inaccurate times.
  • Supply counts are checked every 10 seconds.